Map: Neon Violet Square LE

Players

Starbuck - Winner!

  • Race: Zerg Zerg
  • League: Grandmaster
  • Spawn Location: 11:00

Clem

  • Race: Terran Terran
  • League: Grandmaster
  • Spawn Location: 5:00

Event: WESG Barcelona European Finals 2017

VOD

Have the link to the VOD?

Description

Time

  • Played on: Nov. 24, 2017, 8:40 a.m.
  • Length: 16:37

All games in this series

Show
View Real Time Build Order
Export as new Build Order

Starbuck Zerg - Winner!

Build Orders: Pool First 

Get SALT Encoding   

  12  0:00  Drone  
  13  0:13  Overlord  
  13  0:18  Drone  
  14  0:32  Drone x2  
  14  0:35  Drone  
  17  0:46  Spawning Pool  
  16  0:50  Drone  
  16  0:56  Drone  
  18  1:15  Hatchery  
  18  1:18  Extractor  
  16  1:20  Drone  
  16  1:23  Drone  
  18  1:36  Roach Warren  
  18  1:37  Zergling x2  
  18  1:46  Queen  
  18  1:51  Drone  
  21  1:55  Extractor  
  21  1:57  Drone  
  21  2:01  Drone  
  22  2:11  Overlord  
  22  2:27  Queen  
  22  2:28  Roach  
  26  2:40  Roach  
  28  2:47  Roach  
  28  2:49  Overlord, Ravager  
  31  2:53  Roach  
  33  3:00  Roach  
  35  3:09  Ravager  
  35  3:14  Drone x2  
  35  3:15  Drone x2  
  39  3:21  Roach  
  41  3:27  Roach  
  43  3:37  Overlord  
  43  3:45  Overlord, Ravager  
  43  3:47  Metabolic Boost  
  44  4:00  Roach x2  
  46  4:07  Roach x2  
  50  4:13  Roach  
  52  4:24  Overlord  
  52  4:25  Drone x2  
  52  4:28  Ravager  
  55  4:40  Drone  
  55  4:41  Overlord  
  56  4:53  Zergling x10  
  56  4:54  Zergling x2  
  62  5:00  Zergling x2  
  62  5:01  Drone  
  62  5:02  Drone  
  62  5:05  Drone  
  66  5:11  Drone  
  66  5:12  Drone  
  68  5:21  Drone  
  68  5:24  Ravager x3  
  68  5:26  Drone  
  68  5:27  Overlord  
  73  5:30  Zergling x4  
  73  5:31  Zergling x2  
  76  5:47  Drone x3  
  76  5:48  Lair, Drone  
  78  5:52  Zergling x4  
  78  5:53  Zergling x2  
  78  5:54  Ravager x2  
  83  6:03  Overlord  
  83  6:05  Drone  
  84  6:12  Overlord x2  
  84  6:22  Roach  
  84  6:23  Roach  
  88  6:27  Roach, Hatchery  
  89  6:33  Roach x2  
  89  6:34  Zergling x2  
  89  6:36  Zergling x2  
  95  6:46  Ravager x2  
  97  6:50  Zergling x8  
  100  6:57  Drone x2  
  100  6:59  Extractor x2  
  100  7:09  Drone, Glial Reconstitution, Overlord  
  100  7:13  Queen, Evolution Chamber  
  102  7:19  Overlord  
  102  7:20  Drone  
  102  7:21  Drone x2  
  105  7:28  Drone x3  
  105  7:29  Drone x2  
  108  7:33  Ravager x2  
  108  7:36  Overlord  
  110  7:38  Zerg Missile Weapons Level 1  
  110  7:39  Drone  
  110  7:52  Spore Crawler  
  110  7:53  Queen  
  106  8:02  Drone  
  106  8:03  Drone x2  
  102  8:12  Drone  
  102  8:13  Drone x2  
  102  8:25  Drone  
  98  8:29  Drone x4  
  98  8:30  Hydralisk Den  
  98  8:31  Extractor  
  98  8:33  Extractor  
  99  8:40  Drone  
  92  8:45  Drone x3  
  92  8:47  Drone  
  92  8:48  Drone x2  
  83  9:12  Queen  
  83  9:13  Drone x5  
  86  9:17  Muscular Augments  
  86  9:18  Drone  
  86  9:23  Hydralisk, Overseer  
  89  9:29  Hydralisk  
  87  9:33  Hydralisk x2  
  89  9:45  Zerg Missile Weapons Level 2  
  89  9:47  Drone  
  90  10:02  Hatchery  
  89  10:09  Drone  
  89  10:10  Infestation Pit  
  89  10:22  Hydralisk x3  
  93  10:28  Hatchery  
  93  10:29  Hydralisk x2  
  93  10:30  Hydralisk  
  93  10:33  Hydralisk  
  100  10:36  Hydralisk  
  99  10:44  Drone x4  
  99  10:47  Drone x2  
  103  10:53  Drone  
  103  10:54  Pathogen Glands  
  103  10:56  Drone  
  105  10:58  Drone  
  105  11:00  Drone  
  107  11:06  Infestor  
  107  11:10  Hydralisk  
  107  11:11  Hydralisk  
  111  11:13  Overlord  
  111  11:15  Infestor  
  115  11:20  Drone x2  
  115  11:21  Drone  
  118  11:31  Hive  
  118  11:33  Drone x2  
  118  11:36  Drone  
  118  11:37  Drone  
  124  11:40  Roach  
  124  11:44  Drone  
  124  11:45  Hydralisk, Roach  
  128  11:52  Drone x3  
  128  11:53  Drone  
  130  12:00  Drone  
  131  12:01  Hydralisk, Zerg Ground Armor Level 1, Overlord  
  131  12:02  Hydralisk, Roach  
  131  12:04  Roach  
  131  12:05  Roach  
  141  12:17  Overlord  
  141  12:20  Overlord, Extractor x2  
  139  12:24  Queen, Drone x3, Evolution Chamber, Spire  
  139  12:28  Overlord  
  137  12:38  Zergling x18  
  137  12:42  Infestor  
  148  12:47  Drone x3  
  148  13:00  Hydralisk x3  
  154  13:06  Overseer  
  154  13:08  Drone  
  154  13:09  Overlord  
  154  13:10  Extractor  
  154  13:11  Extractor  
  154  13:12  Drone x4  
  157  13:13  Drone x2, Overlord  
  157  13:18  Viper  
  157  13:19  Viper  
  165  13:26  Hatchery  
  160  13:31  Viper  
  153  13:41  Overlord  
  153  13:42  Greater Spire  
  153  13:48  Hatchery  
  152  13:54  Viper  
  155  13:58  Hydralisk x3  
  155  13:59  Roach x4  
  169  14:09  Drone x8  
  177  14:12  Overlord  
  177  14:14  Corruptor  
  177  14:15  Corruptor x2  
  179  14:33  Corruptor x4  
  187  14:43  Drone x4  
  187  14:44  Evolution Chamber x2, Extractor  
  187  14:45  Evolution Chamber x2, Extractor  
  186  14:51  Hatchery  
  184  15:01  Drone x3  
  184  15:02  Spine Crawler  
  190  15:14  Brood Lord  
  190  15:15  Brood Lord  
  190  15:16  Brood Lord  
  192  15:24  Brood Lord  
  194  15:31  Brood Lord  
  192  15:43  Spore Crawler  
  192  15:45  Corruptor x2  
  195  15:58  Extractor  
Show
View Real Time Build Order
Export as new Build Order

Clem Terran 

Build Orders: Cyclone Opening 

Get SALT Encoding   

  12  0:00  SCV  
  13  0:12  SCV  
  14  0:20  Supply Depot  
  14  0:24  SCV  
  15  0:37  Refinery  
  15  0:42  SCV  
  16  0:46  Barracks  
  16  0:54  SCV  
  17  1:06  SCV  
  18  1:18  SCV  
  20  1:34  Reaper, Orbital Command  
  20  1:44  Command Center  
  20  1:56  Factory  
  20  1:59  SCV  
  21  2:06  Supply Depot  
  21  2:11  SCV  
  21  2:13  Barracks Reactor  
  22  2:16  Refinery  
  22  2:23  SCV  
  23  2:35  SCV  
  24  2:41  Bunker  
  23  2:47  SCV, Cyclone, Bunker  
  23  2:49  Marine x2  
  29  3:00  SCV  
  30  3:07  Marine  
  31  3:16  Marine  
  31  3:17  Supply Depot  
  31  3:22  SCV  
  31  3:23  Supply Depot, Cyclone  
  32  3:34  SCV  
  32  3:40  Marine  
  33  3:45  Starport, Marine  
  34  3:53  Supply Depot  
  34  4:04  Marine x2  
  35  4:10  SCV  
  36  4:22  Marine x2  
  36  4:31  Medivac  
  38  4:40  Cyclone  
  41  4:46  Supply Depot  
  40  5:02  Supply Depot  
  40  5:07  Marine  
  40  5:08  SCV  
  41  5:19  Cyclone  
  44  5:24  Supply Depot  
  44  5:25  Marine  
  44  5:28  SCV  
  46  5:40  SCV  
  47  5:43  Marine  
  48  5:51  Cyclone  
  53  5:57  Starport Tech Lab  
  53  5:58  SCV  
  53  6:01  Marine  
  53  6:03  Supply Depot  
  53  6:10  SCV  
  54  6:17  Cloaking Field  
  54  6:19  Marine  
  54  6:22  Banshee  
  58  6:30  SCV  
  59  6:36  Marine  
  60  6:44  SCV  
  61  6:54  Marine  
  62  7:04  Command Center  
  62  7:10  SCV  
  62  7:12  Marine  
  62  7:15  Factory Tech Lab  
  64  7:20  Banshee  
  67  7:26  SCV  
  68  7:30  Marine  
  70  7:47  Supply Depot  
  70  7:48  Marine, Siege Tank  
  70  7:49  SCV  
  74  8:01  SCV  
  75  8:06  Marine  
  73  8:20  Siege Tank  
  73  8:23  Marine  
  73  8:24  Medivac  
  73  8:32  Orbital Command  
  73  8:38  SCV  
  74  8:44  Marine  
  75  8:52  Siege Tank  
  78  9:02  Marine  
  78  9:05  SCV  
  68  9:20  Marine  
  68  9:22  Factory, Orbital Command  
  68  9:23  SCV, Factory  
  70  9:24  Siege Tank  
  73  9:37  Banshee  
  73  9:38  Marine  
  77  9:42  Armory  
  74  9:48  SCV  
  74  9:52  SCV  
  76  9:56  Marine  
  76  10:03  Siege Tank  
  76  10:06  SCV  
  80  10:12  Supply Depot  
  80  10:13  Marine  
  81  10:17  Factory Reactor  
  81  10:20  SCV  
  82  10:24  SCV  
  82  10:28  Starport Reactor  
  83  10:30  Refinery x2  
  83  10:31  Supply Depot, Marine  
  81  10:50  SCV  
  81  10:55  Siege Tank  
  81  10:56  Hellion  
  81  10:57  Hellion  
  89  10:59  Command Center  
  89  11:05  SCV x2  
  89  11:06  Supply Depot  
  89  11:07  Supply Depot  
  89  11:10  Siege Tank  
  93  11:13  Supply Depot  
  93  11:14  Supply Depot  
  93  11:17  Terran Vehicle Weapons Level 1  
  93  11:18  SCV x2  
  95  11:24  Hellion x2  
  99  11:30  Siege Tank  
  102  11:34  Infernal Pre-Igniter  
  102  11:38  Supply Depot  
  102  11:39  SCV  
  103  11:41  SCV  
  104  11:51  SCV  
  105  12:00  Siege Tank  
  108  12:02  Siege Tank  
  108  12:03  SCV x2  
  108  12:06  Hellion  
  115  12:10  Refinery  
  115  12:11  Refinery  
  115  12:13  Orbital Command  
  115  12:17  SCV  
  115  12:18  SCV  
  115  12:21  Hellion  
  119  12:32  Liberator  
  119  12:33  Command Center  
  119  12:35  Liberator  
  111  12:38  Engineering Bay  
  111  12:41  Siege Tank  
  117  12:44  Siege Tank  
  121  12:58  Hellion  
  121  12:59  Hellion  
  121  13:00  SCV  
  121  13:03  SCV  
  121  13:04  SCV  
  126  13:09  Missile Turret  
  126  13:12  SCV  
  127  13:15  Thor  
  127  13:18  Siege Tank  
  136  13:23  Hellion x2  
  140  13:27  SCV x2  
  140  13:29  SCV  
  137  13:39  SCV  
  138  13:42  Viking  
  138  13:43  Viking  
  138  13:45  Supply Depot, Terran Vehicle Weapons Level 2  
  143  13:48  SCV x2  
  143  13:52  Hellion x2  
  146  14:02  Siege Tank  
  149  14:04  Refinery  
  149  14:08  Refinery  
  149  14:09  SCV x2  
  151  14:15  Hellion x2, Siege Tank  
  158  14:19  Planetary Fortress  
  157  14:34  Siege Tank  
  157  14:35  Viking x2  
  157  14:37  SCV, Hellion  
  157  14:38  SCV  
  152  14:46  Hellion  
  152  14:48  Hellion  
  152  14:51  Factory  
  154  14:53  Supply Depot  
  154  14:54  Factory  
  154  14:59  Missile Turret  
  154  15:05  Hellion, Viking x2  
  160  15:09  Starport  
  160  15:16  Supply Depot  
  160  15:19  Supply Depot x2  
  160  15:20  Hellion  
  162  15:21  Siege Tank  
  162  15:26  Supply Depot  
  165  15:29  Hellion  
  165  15:30  Siege Tank  
  165  15:35  Viking  
  172  15:39  Factory Tech Lab, Factory Reactor  
  169  15:47  Hellion  
  169  15:48  Starport Reactor  
  167  15:50  Viking  
  167  15:53  Siege Tank  
  168  16:02  Siege Tank  
  157  16:13  Hellion x2  
Tags
 
Add a new tag
Caveats
  • Supply blocks, unpowered buildings, or Contaminate may cause inaccurate times.
  • Supply counts are checked every 10 seconds.